 Dungeon Crawl Stone Soup version 0.28.0-47-ge53b351184 (webtiles) character file.

Game seed: 18262403239289994747

35 101zpm the Magician (level 3, -4/25 HPs)
             Began as a Djinni Ice Elementalist on Apr 26, 2022.
             Killed by divine providence
             ... invoked by an orc priest
              (16 damage)
             ... on level 2 of the Dungeon.
             The game lasted 00:02:10 (1505 turns).

101zpm the Magician (Djinni Ice Elementalist)       Turns: 1505, Time: 00:02:11

Health: -4/25      AC:  2    Str:  7    XL:     3   Next: 52%
Gold:   73         EV: 27    Int: 18    God:
                   SH:  0    Dex: 13

rFire   + + .      SeeInvis .   (no weapon)
rCold   x . .      Faith    .   (no shield)
rNeg    . . .      Spirit   .   a - +0 robe
rPois   ∞          Reflect  .   (no helmet)
rElec   .          Harm     .   (no cloak)
rCorr   .          Rampage  .   (no gloves)
Will    .....                   (boots unavailable)
Stlth   ++........              g - amulet of the acrobat
HPRegen 0.08/turn               (no ring)
MPRegen 0.00/turn               (no ring)

@: acrobatic, flying
A: sickness immunity, fire resistance 2, cold vulnerability 1, float, innate
caster, HP casting, extra vitality 1
a: no special abilities


You were on level 2 of the Dungeon.
You visited 1 branch of the dungeon, and saw 2 of its levels.

You collected 73 gold pieces.

Inventory:

Armour
 a - a +0 robe (worn)
Jewellery
 g - an amulet of the acrobat (around neck)
Scrolls
 d - a scroll of immolation {unknown}
 e - a scroll of identify {unknown}
 i - a scroll of enchant weapon {unknown}
 j - a scroll of fear {unknown}
Potions
 b - a potion of resistance {unknown}
 c - a potion of mutation {unknown}
 f - 2 potions of curing {unknown}
 h - a potion of degeneration {unknown}
 k - a potion of heal wounds {unknown}


   Skills:
 + Level 2.4 Dodging
 + Level 1.7 Stealth
 + Level 3.9 Spellcasting


You couldn't memorise any spells.
You knew the following spells:

 Your Spells              Type           Power      Damage    Failure   Level
a - Freeze                Ice            68%        1d8       3%          1
b - Frozen Ramparts       Ice            34%        1d5       9%          3
c - Ozocubu's Armour      Ice            17%        N/A       9%          3
d - Hailstorm             Conj/Ice       17%        3d6       28%         4
e - Apportation           Tloc           34%        N/A       3%          1
Your spell library was empty.

Dungeon Overview and Level Annotations

Branches:
Dungeon (2/15)

Altars:


Innate Abilities, Weirdness & Mutations

You are immune to sickness and miasma.
You are immune to poison.
Your flesh is very heat resistant. (rF++)
You are vulnerable to cold. (rC-)
You float through the air rather than walking.
You learn spells naturally, not from books.
Your magical power is your life essence.
You have superior vitality. (+4 MHP)


Message History

You miscast Freeze.
You are very lightly contaminated with residual magic.
Nothing appears to happen.
The giant cockroach misses you.
You freeze the giant cockroach.
You kill the giant cockroach!
The frilled lizard completely misses you.
You freeze the frilled lizard.
You kill the frilled lizard!
Your magical contamination has completely faded away.
There is a stone staircase leading up here.
You now have 57 gold pieces (gained 8).
You now have 73 gold pieces (gained 16).
Found 14 stones.
You see here 14 stones.
An orc comes into view. It is wielding a +0 flail.
An orc is nearby!
An orc wizard comes into view.
It is wielding a +0 dagger and wearing a +2 robe of willpower.
Found a stone staircase leading down.
A goblin and an orc come into view.
The orc shouts!
The orc wizard shouts!
The goblin shouts!
You hear a shout!
The orc shouts!
An orc priest comes into view. It is wielding a +0 falchion.
You freeze the orc.
The orc is severely wounded.
You freeze the orc.
The orc is almost dead.
A goblin comes into view. It is wielding a +0 club.
The orc hits you with a +0 flail! The goblin hits you with a +0 club.
You are too injured to fight recklessly!
Unknown command.
Casting: Freeze (safe; 3% risk of failure)
Confirm with . or Enter, or press ? or * to list all spells.
The spell is quite dangerous to miscast (9% risk of failure)!
Continue anyway?
Casting: Frozen Ramparts (quite dangerous; 9% risk of failure)
Press: ? - help, Dir - look around, f - activate
Okay, then.
The orc priest invokes the aid of Beogh against you.
Beogh smites you!
Ouch! That really hurt!
You die...

##########....# ...
#........#g...## ..##
#......>........ ...###
#........o...... .....
#.............# #.###
#.............# #..#
#......oo.....# #.##
#......go.....########..#
########@..##.##........#
#........##.........
#...................
#.......###.......#.
###(....#...#.....#.
#...#.#.#.#.###.##
#...#.#.#.......##
###.#.#...#...#...
###.#.#.........##


You could see an orc priest, an orc wizard, 2 orcs and 2 goblins.

Vanquished Creatures
  5 ball pythons
  4 bats (D:1)
  4 endoplasms
  5 giant cockroaches
  3 goblins (D:1)
  2 hobgoblins (D:1)
  A quokka (D:1)
  4 frilled lizards
  A kobold (D:1)
  A rat (D:2)
30 creatures vanquished.

Notes
Turn   | Place    | Note
-------+----------+-------------------------------------------
     0 | D:1      | 101zpm the Djinni Ice Elementalist began the quest for the
                  | Orb.
     0 | D:1      | Reached XP level 1. HP: 15/15 MP: 0/0
    49 | D:1      | Reached XP level 2. HP: 10/21 MP: 0/0
   466 | D:1      | Found a faded altar of an unknown god.
   778 | D:1      | Reached XP level 3. HP: 24/25 MP: 0/0
   778 | D:1      | Learned a level 1 spell: Apportation
  1505 | D:2      | Killed from afar by an orc priest

Illustrated notes

Levels and vault maps discovered:
D:1:      minmay_arrival_four_loops, layout_rooms,
          hellmonk_ecumenical_altar_arch_garden
D:2:      layout_basic, minmay_split_cup_small

Action                   || total
-------------------------++-------
Melee: Unarmed           ||     1
 Cast: Freeze            ||    49
Armor: Robe              ||     4
Dodge: Dodged            ||    28
